[ PARTIDA AOE2 · #464168200 ]
Team RMGodos vs Georgians
[ ANÁLISIS DE REPETICIÓN · EXTRAÍDO DE LA PARTIDA GRABADA ]
Feudal
12:08
Castillos
23:07
Imperial
—
| APM promedio | 33.1 |
| APM pico | 75 |
| eAPM promedio | 21.2 |
| Aldeanos / militares | 116 / 89 |
Foco
⚔️ 15.6% · 🌾 84.4%
Spearman ×69 · Huskarl ×18 · Scout Cavalry ×2
Feudal
9:58
Castillos
16:51
Imperial
31:49
| APM promedio | 14.0 |
| APM pico | 30 |
| eAPM promedio | 9.9 |
| Aldeanos / militares | 82 / 51 |
Foco
⚔️ 20.2% · 🌾 79.8%
Boyar ×26 · Spearman ×23 · Monk ×2
Feudal
11:26
Castillos
25:16
Imperial
—
| APM promedio | 26.5 |
| APM pico | 63 |
| eAPM promedio | 11.7 |
| Aldeanos / militares | 104 / 55 |
Foco
⚔️ 21.1% · 🌾 78.9%
Knight ×26 · Spearman ×16 · Scout Cavalry ×11 · Militia ×2
Feudal
11:39
Castillos
22:50
Imperial
—
| APM promedio | 17.8 |
| APM pico | 44 |
| eAPM promedio | 12.2 |
| Aldeanos / militares | 88 / 78 |
Foco
⚔️ 32.3% · 🌾 67.7%
Archer ×41 · Spearman ×26 · Eagle Scout ×5 · Mangonel ×3 · Trade Cart ×3 · Scorpion ×2
Feudal
12:44
Castillos
17:31
Imperial
34:27
| APM promedio | 27.8 |
| APM pico | 75 |
| eAPM promedio | 12.0 |
| Aldeanos / militares | 93 / 89 |
Foco
⚔️ 31.1% · 🌾 68.9%
Camel Scout ×39 · Cavalry Archer ×26 · Knight ×17 · Spearman ×5 · Battering Ram ×2
Feudal
11:09
Castillos
24:18
Imperial
—
| APM promedio | 12.5 |
| APM pico | 44 |
| eAPM promedio | 8.1 |
| Aldeanos / militares | 71 / 55 |
Foco
⚔️ 36.5% · 🌾 63.5%
Camel Scout ×44 · Militia ×8 · Spearman ×3
Feudal
10:23
Castillos
20:36
Imperial
37:16
| APM promedio | 33.0 |
| APM pico | 88 |
| eAPM promedio | 14.8 |
| Aldeanos / militares | 86 / 69 |
Foco
⚔️ 25.2% · 🌾 74.8%
Knight ×45 · Monaspa ×16 · Scout Cavalry ×4 · Trebuchet (Packed) ×2 · Spearman ×1 · Monk ×1
Feudal
—
Castillos
—
Imperial
—
| APM promedio | 14.3 |
| APM pico | 49 |
| eAPM promedio | 8.6 |
| Aldeanos / militares | 61 / 27 |
Foco
⚔️ 21.2% · 🌾 78.8%
Knight ×23 · Militia ×4
Mapa de la partida
Recursos al inicio + cada clic de construcción. Línea gruesa = muro · recuadro discontinuo = muro de casas detectado. 🟡 oro · ⚪ piedra · 🟢 bayas · 🔶 jabalí · ⭕ reliquia
Terreno con sombreado de elevación (luz NO: claro = ladera hacia el noroeste) · ⚠ = hueco de muro detectado
Inputs por minuto
— 12121212 - - ZILIOT
Build order — 12121212
Primeras 150 de 289 acciones detectadas
| 0:03 | Crear | Villager (Male) |
| 0:04 | Crear | Villager (Male) ×4 |
| 0:04 | Crear | Villager (Male) ×3 |
| 0:05 | Construir | House |
| 0:37 | Construir | House |
| 1:39 | Construir | Lumber Camp |
| 1:45 | Crear | Villager (Male) |
| 2:13 | Crear | Villager (Male) |
| 2:18 | Construir | House |
| 2:37 | Crear | Villager (Male) |
| 3:08 | Crear | Villager (Male) |
| 3:32 | Crear | Villager (Male) |
| 3:49 | Construir | House |
| 3:58 | Crear | Villager (Male) |
| 4:42 | Crear | Villager (Male) |
| 4:45 | Crear | Villager (Male) |
| 5:25 | Crear | Villager (Male) |
| 5:41 | Crear | Villager (Male) |
| 6:06 | Construir | Mill |
| 6:29 | Crear | Villager (Male) |
| 6:29 | Crear | Villager (Male) |
| 6:29 | Crear | Villager (Male) |
| 6:29 | Crear | Villager (Male) |
| 7:24 | Construir | Mining Camp |
| 7:35 | Crear | Villager (Male) |
| 8:06 | Crear | Villager (Male) |
| 8:11 | Construir | House |
| 8:13 | Construir | House |
| 8:19 | Crear | Villager (Male) |
| 8:58 | Construir | Mining Camp |
| 9:07 | Crear | Villager (Male) |
| 9:09 | Crear | Villager (Male) |
| 9:26 | Construir | Barracks |
| 9:32 | Construir | Palisade Wall |
| 9:44 | Crear | Villager (Male) |
| 9:56 | Investigar | Loom |
| 9:57 | Investigar | Feudal Age |
| 10:16 | Construir | Farm |
| 10:26 | Construir | Farm |
| 10:35 | Construir | Farm |
| 10:37 | Crear | Villager (Male) |
| 11:09 | Construir | House |
| 11:20 | Construir | Palisade Wall |
| 11:27 | Construir | Building 796 |
| 11:33 | Construir | Palisade Wall |
| 11:46 | Construir | Palisade Wall |
| 12:08 | Edad | Edad Feudal |
| 12:10 | Construir | Palisade Wall |
| 12:13 | Construir | Palisade Wall |
| 12:15 | Crear | Villager (Male) |
| 12:19 | Crear | Spearman |
| 12:20 | Crear | Spearman |
| 12:24 | Investigar | Horse Collar |
| 12:26 | Investigar | Double-Bit Axe |
| 12:27 | Crear | Villager (Male) |
| 12:28 | Crear | Villager (Male) |
| 12:46 | Crear | Villager (Male) |
| 12:55 | Construir | Blacksmith |
| 13:20 | Crear | Villager (Male) |
| 13:53 | Crear | Villager (Male) |
| 14:05 | Construir | Market |
| 14:32 | Construir | Farm |
| 14:37 | Construir | Farm |
| 14:43 | Construir | Farm |
| 14:56 | Construir | Palisade Wall |
| 14:59 | Construir | Palisade Wall |
| 15:02 | Crear | Villager (Male) |
| 15:06 | Construir | Farm |
| 15:11 | Construir | Farm |
| 15:16 | Construir | Farm |
| 15:19 | Crear | Villager (Male) |
| 15:27 | Crear | Spearman |
| 15:27 | Crear | Spearman |
| 15:51 | Construir | Palisade Wall |
| 15:52 | Construir | Palisade Wall |
| 16:02 | Construir | Farm |
| 16:04 | Construir | Farm |
| 16:30 | Construir | Building 804 |
| 16:32 | Crear | Villager (Male) |
| 16:39 | Crear | Villager (Male) |
| 16:46 | Investigar | Scale Mail Armor |
| 16:50 | Crear | Spearman |
| 16:57 | Construir | House |
| 16:58 | Construir | House |
| 17:15 | Construir | House |
| 17:21 | Crear | Villager (Male) |
| 17:27 | Construir | Farm |
| 17:31 | Construir | Farm |
| 17:33 | Crear | Villager (Male) |
| 17:42 | Crear | Villager (Male) |
| 17:45 | Crear | Spearman ×5 |
| 17:57 | Construir | Farm |
| 18:10 | Construir | Farm |
| 18:13 | Construir | Farm |
| 18:19 | Crear | Villager (Male) |
| 18:27 | Investigar | Forging |
| 18:30 | Construir | Farm |
| 18:32 | Crear | Villager (Male) |
| 18:35 | Construir | Farm |
| 18:49 | Construir | Farm |
| 18:59 | Construir | Farm |
| 19:00 | Crear | Villager (Male) |
| 19:33 | Crear | Villager (Male) |
| 19:39 | Construir | Stable |
| 19:46 | Construir | Farm |
| 19:47 | Construir | Farm |
| 20:27 | Investigar | Castle Age |
| 21:00 | Crear | Villager (Male) |
| 21:46 | Crear | Scout Cavalry |
| 21:46 | Crear | Scout Cavalry |
| 22:26 | Investigar | Bloodlines |
| 22:46 | Investigar | Stone Mining |
| 22:50 | Investigar | Gold Mining |
| 22:52 | Crear | Villager (Male) |
| 23:07 | Edad | Edad de los Castillos |
| 23:11 | Construir | Castle |
| 23:25 | Crear | Villager (Male) |
| 23:42 | Construir | Town Center |
| 24:35 | Crear | Villager (Male) |
| 24:35 | Crear | Villager (Male) |
| 24:36 | Crear | Villager (Male) |
| 24:37 | Crear | Villager (Male) |
| 24:41 | Construir | House |
| 24:43 | Construir | House |
| 24:46 | Construir | House |
| 24:47 | Construir | House |
| 24:50 | Investigar | Pikeman (upgrade) |
| 24:50 | Crear | Spearman ×5 |
| 25:02 | Crear | Huskarl |
| 25:02 | Crear | Huskarl |
| 25:02 | Crear | Huskarl |
| 25:02 | Crear | Huskarl |
| 25:03 | Crear | Huskarl |
| 25:03 | Crear | Huskarl |
| 25:04 | Crear | Huskarl |
| 25:04 | Crear | Huskarl |
| 25:05 | Crear | Huskarl |
| 25:21 | Construir | Town Center |
| 25:31 | Crear | Villager (Male) |
| 25:40 | Construir | House |
| 25:56 | Construir | Palisade Wall |
| 26:21 | Construir | House |
| 26:24 | Construir | Farm |
| 26:28 | Crear | Huskarl |
| 26:28 | Crear | Huskarl |
| 26:28 | Crear | Huskarl |
| 26:29 | Crear | Huskarl |
| 26:43 | Crear | Villager (Male) |
| 26:44 | Crear | Villager (Male) |
| 26:44 | Crear | Villager (Male) |
Build order — ZILIOT
Primeras 150 de 228 acciones detectadas
| 0:03 | Construir | House |
| 0:04 | Crear | Villager (Male) |
| 0:04 | Crear | Villager (Male) |
| 0:12 | Crear | Villager (Male) |
| 0:20 | Crear | Villager (Male) |
| 0:21 | Crear | Villager (Male) |
| 1:38 | Construir | House |
| 1:45 | Construir | House |
| 1:47 | Crear | Villager (Male) |
| 2:13 | Crear | Villager (Male) |
| 2:25 | Construir | House |
| 2:36 | Crear | Villager (Male) |
| 2:58 | Crear | Villager (Male) |
| 3:11 | Construir | Mill |
| 3:13 | Crear | Villager (Male) |
| 3:47 | Crear | Villager (Male) |
| 3:49 | Crear | Villager (Male) |
| 4:23 | Crear | Villager (Male) |
| 4:31 | Crear | Villager (Male) |
| 5:21 | Crear | Villager (Male) |
| 5:28 | Crear | Villager (Male) |
| 5:50 | Crear | Villager (Male) |
| 6:44 | Crear | Villager (Male) |
| 6:59 | Construir | Lumber Camp |
| 7:12 | Crear | Villager (Male) |
| 7:48 | Investigar | Feudal Age |
| 8:39 | Crear | Villager (Male) |
| 8:42 | Crear | Villager (Male) |
| 9:58 | Edad | Edad Feudal |
| 10:49 | Crear | Villager (Male) |
| 10:51 | Crear | Villager (Male) |
| 10:55 | Construir | House |
| 10:56 | Construir | House |
| 11:02 | Construir | Blacksmith |
| 11:40 | Crear | Villager (Male) |
| 12:09 | Construir | Market |
| 12:14 | Crear | Villager (Male) |
| 12:27 | Construir | Mining Camp |
| 12:36 | Crear | Villager (Male) |
| 12:41 | Investigar | Horse Collar |
| 13:21 | Crear | Villager (Male) |
| 13:57 | Construir | Stone Wall |
| 14:00 | Construir | Stone Wall |
| 14:02 | Construir | Stone Wall |
| 14:05 | Construir | Farm |
| 14:11 | Investigar | Castle Age |
| 14:20 | Investigar | Double-Bit Axe |
| 14:30 | Construir | Building 487 |
| 14:38 | Construir | Building 490 |
| 15:15 | Construir | Stone Wall |
| 15:18 | Construir | Stone Wall |
| 15:39 | Construir | Farm |
| 15:41 | Construir | Farm |
| 16:13 | Crear | Villager (Male) |
| 16:48 | Construir | Farm |
| 16:50 | Construir | Farm |
| 16:51 | Edad | Edad de los Castillos |
| 16:53 | Construir | Farm |
| 17:08 | Crear | Villager (Male) |
| 17:29 | Construir | Farm |
| 17:40 | Crear | Villager (Male) |
| 17:58 | Construir | Stone Wall |
| 18:04 | Construir | Farm |
| 18:06 | Crear | Villager (Male) |
| 18:30 | Crear | Villager (Male) |
| 18:40 | Construir | Town Center |
| 18:52 | Crear | Villager (Male) |
| 19:03 | Construir | Stone Wall |
| 19:07 | Construir | Stone Wall |
| 19:22 | Investigar | Wheelbarrow |
| 19:28 | Investigar | Loom |
| 19:41 | Construir | Castle |
| 20:10 | Construir | Outpost |
| 20:21 | Construir | Outpost |
| 20:24 | Construir | Outpost |
| 20:41 | Construir | Farm |
| 20:43 | Construir | Farm |
| 20:44 | Crear | Villager (Male) |
| 20:47 | Crear | Villager (Male) |
| 20:50 | Crear | Villager (Male) |
| 20:50 | Crear | Villager (Male) |
| 21:04 | Construir | Outpost |
| 21:19 | Construir | Mining Camp |
| 21:24 | Crear | Boyar |
| 21:24 | Crear | Boyar |
| 21:26 | Crear | Boyar |
| 21:40 | Construir | Farm |
| 21:42 | Construir | Farm |
| 21:44 | Construir | Farm |
| 21:47 | Crear | Villager (Male) |
| 21:48 | Crear | Villager (Male) |
| 21:51 | Crear | Villager (Male) |
| 21:55 | Construir | Farm |
| 22:02 | Crear | Villager (Male) |
| 22:18 | Construir | Farm |
| 22:22 | Construir | Farm |
| 22:23 | Crear | Villager (Male) |
| 22:24 | Crear | Villager (Male) |
| 22:30 | Construir | Farm |
| 22:41 | Construir | Farm |
| 22:43 | Investigar | Gold Mining |
| 22:51 | Crear | Boyar |
| 22:55 | Construir | Farm |
| 23:03 | Crear | Villager (Male) |
| 23:07 | Construir | Farm |
| 23:34 | Construir | Barracks |
| 23:37 | Crear | Villager (Male) |
| 23:38 | Crear | Villager (Male) |
| 23:40 | Construir | Farm |
| 23:46 | Investigar | Bow Saw |
| 23:48 | Investigar | Heavy Plow |
| 24:45 | Construir | Stable |
| 24:49 | Crear | Villager (Male) |
| 24:49 | Crear | Villager (Male) |
| 24:51 | Construir | Farm |
| 24:53 | Construir | Farm |
| 24:56 | Crear | Villager (Male) |
| 25:00 | Crear | Villager (Male) |
| 25:32 | Investigar | Scale Barding Armor |
| 25:38 | Investigar | Town Watch |
| 25:43 | Investigar | Hand Cart |
| 25:46 | Investigar | Bloodlines |
| 25:47 | Investigar | Husbandry |
| 26:08 | Crear | Boyar |
| 26:09 | Crear | Boyar |
| 26:48 | Crear | Villager (Male) |
| 26:50 | Crear | Villager (Male) |
| 26:52 | Crear | Villager (Male) |
| 26:53 | Crear | Villager (Male) |
| 26:54 | Crear | Villager (Male) |
| 26:57 | Crear | Boyar |
| 26:59 | Crear | Boyar |
| 27:04 | Crear | Boyar |
| 28:40 | Investigar | Imperial Age |
| 28:45 | Investigar | Chain Barding Armor |
| 28:52 | Crear | Villager (Male) |
| 29:02 | Crear | Villager (Male) |
| 29:02 | Crear | Villager (Male) |
| 29:03 | Crear | Villager (Male) |
| 29:47 | Construir | Farm |
| 29:50 | Crear | Villager (Male) |
| 29:54 | Construir | Farm |
| 30:01 | Investigar | Tech 455 |
| 30:35 | Construir | Farm |
| 30:38 | Crear | Villager (Male) |
| 31:49 | Edad | Edad Imperial |
| 31:59 | Construir | Farm |
| 32:01 | Construir | Farm |
| 32:05 | Crear | Villager (Male) |
| 32:06 | Crear | Villager (Male) |
Build order — dannyicecold69
Primeras 150 de 240 acciones detectadas
| 0:01 | Crear | Villager (Male) |
| 0:02 | Crear | Villager (Male) |
| 0:02 | Crear | Villager (Male) |
| 0:03 | Construir | House |
| 0:06 | Construir | House |
| 0:13 | Crear | Villager (Male) |
| 1:28 | Crear | Villager (Male) |
| 1:50 | Construir | Lumber Camp |
| 2:14 | Crear | Villager (Male) |
| 2:33 | Crear | Villager (Male) |
| 2:54 | Crear | Villager (Male) |
| 2:57 | Construir | House |
| 3:04 | Crear | Villager (Male) |
| 3:42 | Crear | Villager (Male) |
| 4:05 | Crear | Villager (Male) |
| 4:25 | Crear | Villager (Male) |
| 5:07 | Construir | House |
| 5:16 | Crear | Villager (Male) |
| 5:24 | Construir | Mill |
| 5:55 | Crear | Villager (Male) |
| 6:02 | Crear | Villager (Male) |
| 6:12 | Crear | Villager (Male) |
| 6:24 | Construir | House |
| 6:27 | Crear | Villager (Male) |
| 6:35 | Crear | Villager (Male) |
| 6:51 | Construir | Mill |
| 6:54 | Crear | Villager (Male) |
| 7:08 | Crear | Villager (Male) |
| 8:04 | Crear | Villager (Male) |
| 8:08 | Crear | Villager (Male) |
| 8:17 | Construir | House |
| 8:20 | Construir | House |
| 8:22 | Crear | Villager (Male) |
| 8:50 | Crear | Villager (Male) |
| 8:59 | Construir | Mining Camp |
| 9:13 | Investigar | Feudal Age |
| 9:25 | Construir | House |
| 9:34 | Construir | Palisade Wall |
| 9:54 | Crear | Villager (Male) |
| 10:51 | Construir | Barracks |
| 10:57 | Crear | Villager (Male) |
| 11:26 | Edad | Edad Feudal |
| 11:35 | Crear | Villager (Male) |
| 11:40 | Investigar | Double-Bit Axe |
| 11:43 | Construir | Farm |
| 11:46 | Construir | Farm |
| 11:50 | Construir | Farm |
| 11:53 | Investigar | Horse Collar |
| 12:07 | Construir | House |
| 12:27 | Construir | Palisade Wall |
| 12:32 | Crear | Villager (Male) |
| 12:52 | Crear | Villager (Male) |
| 13:04 | Construir | Stable |
| 13:16 | Construir | House |
| 13:27 | Crear | Villager (Male) |
| 13:35 | Construir | Palisade Wall |
| 13:44 | Crear | Villager (Male) |
| 13:52 | Construir | Farm |
| 13:56 | Construir | Farm |
| 14:01 | Crear | Villager (Male) |
| 14:05 | Construir | Farm |
| 14:13 | Crear | Scout Cavalry |
| 14:29 | Crear | Scout Cavalry |
| 14:30 | Crear | Villager (Male) |
| 14:34 | Construir | Farm |
| 14:38 | Construir | Farm |
| 14:39 | Crear | Villager (Male) |
| 14:47 | Crear | Scout Cavalry |
| 14:49 | Crear | Villager (Male) |
| 15:19 | Construir | Palisade Wall |
| 15:27 | Construir | Palisade Wall |
| 15:37 | Construir | House |
| 15:38 | Construir | House |
| 15:39 | Construir | House |
| 15:41 | Crear | Scout Cavalry |
| 15:44 | Crear | Villager (Male) |
| 15:46 | Construir | Farm |
| 15:48 | Construir | Farm |
| 16:38 | Crear | Scout Cavalry |
| 17:07 | Crear | Scout Cavalry |
| 17:09 | Crear | Scout Cavalry |
| 17:11 | Crear | Villager (Male) |
| 17:18 | Construir | Farm |
| 17:20 | Construir | Farm |
| 17:21 | Construir | Farm |
| 17:22 | Construir | Farm |
| 17:26 | Construir | Farm |
| 17:27 | Crear | Villager (Male) |
| 17:31 | Construir | Farm |
| 17:33 | Crear | Villager (Male) |
| 17:37 | Crear | Villager (Male) |
| 17:57 | Construir | Farm |
| 18:03 | Construir | Palisade Wall |
| 18:09 | Crear | Villager (Male) |
| 18:13 | Construir | Farm |
| 18:15 | Crear | Villager (Male) |
| 18:40 | Crear | Villager (Male) |
| 18:44 | Construir | Farm |
| 18:51 | Crear | Villager (Male) |
| 18:55 | Construir | Farm |
| 18:57 | Crear | Villager (Male) |
| 19:04 | Crear | Villager (Male) |
| 19:47 | Crear | Villager (Male) |
| 19:47 | Crear | Villager (Male) |
| 20:07 | Crear | Villager (Male) |
| 20:07 | Crear | Villager (Male) |
| 20:08 | Crear | Villager (Male) |
| 20:31 | Construir | Blacksmith |
| 20:37 | Construir | Farm |
| 20:39 | Construir | Farm |
| 20:41 | Construir | Farm |
| 21:06 | Crear | Villager (Male) |
| 21:06 | Crear | Villager (Male) |
| 21:19 | Crear | Scout Cavalry |
| 21:48 | Crear | Scout Cavalry |
| 22:05 | Construir | Farm |
| 22:09 | Construir | Farm |
| 22:17 | Construir | Farm |
| 22:22 | Construir | Farm |
| 22:30 | Investigar | Castle Age |
| 22:45 | Construir | Stable |
| 22:47 | Crear | Villager (Male) |
| 23:48 | Crear | Villager (Male) |
| 23:48 | Crear | Villager (Male) |
| 24:21 | Crear | Militia |
| 24:48 | Crear | Militia |
| 25:11 | Crear | Spearman |
| 25:16 | Edad | Edad de los Castillos |
| 25:18 | Crear | Spearman |
| 25:22 | Crear | Knight |
| 25:22 | Crear | Knight |
| 25:22 | Crear | Knight |
| 25:52 | Crear | Knight |
| 25:53 | Crear | Knight |
| 26:04 | Crear | Knight |
| 26:05 | Crear | Knight |
| 26:05 | Crear | Knight |
| 26:23 | Construir | Stable |
| 26:27 | Construir | Farm |
| 26:45 | Construir | Stable |
| 26:49 | Construir | Stable |
| 26:54 | Construir | Stable |
| 27:24 | Crear | Knight |
| 27:25 | Crear | Knight |
| 27:27 | Crear | Knight |
| 27:28 | Crear | Knight |
| 27:33 | Crear | Spearman |
| 27:34 | Crear | Spearman |
| 27:34 | Crear | Spearman |
| 27:35 | Crear | Spearman |
Build order — THE_LORD
Primeras 150 de 301 acciones detectadas
| 0:03 | Crear | Villager (Male) |
| 0:05 | Crear | Villager (Male) |
| 0:12 | Investigar | Loom |
| 0:12 | Crear | Villager (Male) |
| 0:12 | Crear | Villager (Male) |
| 0:13 | Crear | Villager (Male) |
| 0:13 | Crear | Villager (Male) |
| 0:15 | Construir | House |
| 0:16 | Construir | House |
| 0:18 | Construir | House |
| 1:40 | Crear | Villager (Male) |
| 2:23 | Crear | Villager (Male) |
| 2:52 | Crear | Villager (Male) |
| 3:22 | Crear | Villager (Male) |
| 3:48 | Crear | Villager (Male) |
| 3:51 | Construir | House |
| 4:09 | Construir | Lumber Camp |
| 4:16 | Crear | Villager (Male) |
| 4:27 | Construir | Mill |
| 4:42 | Crear | Villager (Male) |
| 5:11 | Crear | Villager (Male) |
| 5:17 | Construir | House |
| 5:19 | Construir | House |
| 5:37 | Crear | Villager (Male) |
| 5:39 | Crear | Villager (Male) |
| 6:41 | Construir | Palisade Wall |
| 6:56 | Crear | Villager (Male) |
| 6:56 | Crear | Villager (Male) |
| 6:59 | Crear | Villager (Male) |
| 6:59 | Crear | Villager (Male) |
| 7:52 | Crear | Villager (Male) |
| 9:01 | Crear | Villager (Male) |
| 9:09 | Construir | Mining Camp |
| 9:29 | Investigar | Feudal Age |
| 9:49 | Construir | Barracks |
| 10:06 | Construir | Palisade Wall |
| 10:25 | Construir | Farm |
| 10:26 | Construir | Farm |
| 10:27 | Construir | Farm |
| 10:28 | Construir | Farm |
| 10:30 | Construir | Farm |
| 11:08 | Construir | Mill |
| 11:39 | Edad | Edad Feudal |
| 11:41 | Crear | Villager (Male) |
| 11:41 | Crear | Villager (Male) |
| 11:55 | Crear | Villager (Male) |
| 12:06 | Crear | Spearman |
| 12:06 | Crear | Spearman |
| 12:07 | Crear | Spearman |
| 12:32 | Crear | Villager (Male) |
| 13:18 | Crear | Villager (Male) |
| 13:19 | Crear | Villager (Male) |
| 13:41 | Construir | Archery Range |
| 13:49 | Crear | Eagle Scout |
| 13:53 | Crear | Eagle Scout |
| 14:02 | Crear | Villager (Male) |
| 14:05 | Crear | Villager (Male) |
| 14:10 | Construir | Farm |
| 14:17 | Construir | Farm |
| 14:20 | Construir | Farm |
| 14:24 | Crear | Villager (Male) |
| 14:47 | Construir | Mining Camp |
| 15:07 | Crear | Villager (Male) |
| 15:11 | Crear | Eagle Scout |
| 16:06 | Construir | Watch Tower |
| 16:11 | Crear | Villager (Male) |
| 16:12 | Crear | Villager (Male) |
| 16:16 | Crear | Villager (Male) |
| 16:26 | Construir | Palisade Wall |
| 16:30 | Construir | Building 800 |
| 16:35 | Crear | Archer |
| 16:35 | Crear | Archer |
| 17:04 | Crear | Archer |
| 17:07 | Crear | Eagle Scout |
| 17:25 | Construir | Watch Tower |
| 17:34 | Crear | Villager (Male) |
| 17:35 | Crear | Villager (Male) |
| 17:39 | Construir | House |
| 17:40 | Construir | House |
| 17:46 | Construir | Farm |
| 17:47 | Construir | Farm |
| 17:48 | Construir | Farm |
| 17:51 | Construir | Farm |
| 17:52 | Construir | Farm |
| 18:18 | Crear | Archer |
| 18:55 | Construir | Blacksmith |
| 18:57 | Crear | Villager (Male) |
| 19:37 | Construir | Watch Tower |
| 20:10 | Investigar | Castle Age |
| 20:16 | Investigar | Forging |
| 20:17 | Investigar | Fletching |
| 20:38 | Construir | Stone Wall |
| 20:42 | Construir | Building 665 |
| 20:47 | Crear | Eagle Scout |
| 20:49 | Crear | Archer |
| 20:49 | Crear | Archer |
| 21:08 | Construir | Archery Range |
| 22:30 | Crear | Spearman |
| 22:30 | Crear | Spearman |
| 22:37 | Crear | Archer |
| 22:38 | Crear | Archer |
| 22:50 | Edad | Edad de los Castillos |
| 22:54 | Construir | Siege Workshop |
| 23:07 | Crear | Villager (Male) |
| 23:11 | Crear | Villager (Male) |
| 23:12 | Crear | Villager (Male) |
| 23:16 | Investigar | Double-Bit Axe |
| 23:18 | Investigar | Horse Collar |
| 23:21 | Crear | Villager (Male) |
| 23:21 | Crear | Villager (Male) |
| 24:06 | Crear | Battering Ram |
| 24:39 | Investigar | Crossbowman (upgrade) |
| 24:45 | Crear | Mangonel |
| 24:54 | Construir | Watch Tower |
| 25:15 | Crear | Villager (Male) |
| 25:15 | Crear | Villager (Male) |
| 25:16 | Crear | Villager (Male) |
| 25:18 | Crear | Villager (Male) |
| 26:03 | Construir | Outpost |
| 26:43 | Construir | Outpost |
| 27:33 | Crear | Villager (Male) |
| 27:33 | Crear | Villager (Male) |
| 27:36 | Crear | Villager (Male) |
| 27:36 | Crear | Villager (Male) |
| 27:51 | Construir | Town Center |
| 27:57 | Investigar | Bow Saw |
| 28:00 | Investigar | Heavy Plow |
| 28:47 | Investigar | Pikeman (upgrade) |
| 29:06 | Construir | Town Center |
| 29:24 | Construir | Stone Wall |
| 29:47 | Crear | Spearman |
| 29:47 | Crear | Spearman |
| 29:47 | Crear | Spearman |
| 29:55 | Construir | Barracks |
| 30:10 | Construir | Palisade Wall |
| 30:13 | Construir | Palisade Wall |
| 30:16 | Construir | Palisade Wall |
| 30:56 | Investigar | Wheelbarrow |
| 30:58 | Crear | Villager (Male) |
| 30:58 | Crear | Villager (Male) |
| 30:59 | Crear | Villager (Male) |
| 31:00 | Crear | Villager (Male) |
| 31:00 | Crear | Villager (Male) |
| 31:00 | Crear | Villager (Male) |
| 31:01 | Crear | Villager (Male) |
| 31:03 | Crear | Villager (Male) |
| 31:06 | Crear | Villager (Male) |
| 31:10 | Construir | Market |
| 31:41 | Crear | Spearman |
| 31:41 | Crear | Spearman |
Build order — Zar
Primeras 150 de 281 acciones detectadas
| 0:05 | Crear | Villager (Male) |
| 0:05 | Crear | Villager (Male) |
| 0:05 | Crear | Villager (Male) |
| 0:07 | Construir | House |
| 0:08 | Construir | House |
| 0:10 | Construir | House |
| 0:43 | Crear | Villager (Male) |
| 0:44 | Crear | Villager (Male) |
| 1:49 | Crear | Villager (Male) |
| 2:20 | Crear | Villager (Male) |
| 2:21 | Crear | Villager (Male) |
| 2:44 | Crear | Villager (Male) |
| 3:00 | Crear | Villager (Male) |
| 3:00 | Crear | Villager (Male) |
| 3:25 | Crear | Villager (Male) |
| 3:36 | Crear | Villager (Male) |
| 3:58 | Investigar | Loom |
| 4:00 | Crear | Villager (Male) |
| 4:00 | Crear | Villager (Male) |
| 4:00 | Crear | Villager (Male) |
| 4:25 | Construir | Lumber Camp |
| 4:43 | Crear | Villager (Male) |
| 4:44 | Crear | Villager (Male) |
| 5:09 | Construir | House |
| 6:09 | Crear | Villager (Male) |
| 6:09 | Crear | Villager (Male) |
| 6:17 | Construir | House |
| 6:21 | Construir | Palisade Wall |
| 6:25 | Crear | Villager (Male) |
| 6:26 | Crear | Villager (Male) |
| 6:26 | Crear | Villager (Male) |
| 7:12 | Crear | Villager (Male) |
| 8:25 | Construir | Mill |
| 8:32 | Crear | Villager (Male) |
| 8:33 | Crear | Villager (Male) |
| 9:00 | Construir | House |
| 9:06 | Crear | Villager (Male) |
| 9:06 | Crear | Villager (Male) |
| 9:26 | Construir | Mining Camp |
| 9:42 | Construir | Farm |
| 10:08 | Construir | Mill |
| 10:40 | Investigar | Feudal Age |
| 11:06 | Construir | Farm |
| 11:16 | Construir | Farm |
| 11:16 | Construir | Farm |
| 11:17 | Construir | Farm |
| 11:17 | Construir | Farm |
| 11:17 | Construir | Farm |
| 11:17 | Construir | Farm |
| 12:44 | Edad | Edad Feudal |
| 12:49 | Construir | Market |
| 12:53 | Construir | Blacksmith |
| 12:57 | Construir | House |
| 12:58 | Crear | Villager (Male) |
| 12:59 | Crear | Villager (Male) |
| 13:06 | Construir | Farm |
| 13:07 | Construir | Farm |
| 13:13 | Construir | Farm |
| 13:13 | Construir | Farm |
| 13:17 | Crear | Villager (Male) |
| 13:18 | Crear | Villager (Male) |
| 13:30 | Construir | Palisade Wall |
| 13:41 | Construir | Farm |
| 13:41 | Construir | Farm |
| 14:09 | Construir | Farm |
| 14:14 | Construir | Farm |
| 14:18 | Construir | Farm |
| 14:26 | Crear | Villager (Male) |
| 14:33 | Construir | House |
| 14:45 | Construir | Palisade Wall |
| 14:46 | Construir | Palisade Wall |
| 14:48 | Construir | Palisade Wall |
| 15:06 | Investigar | Castle Age |
| 15:36 | Construir | Barracks |
| 15:42 | Construir | Barracks |
| 15:45 | Construir | Palisade Wall |
| 15:47 | Construir | Palisade Gate |
| 15:52 | Construir | House |
| 16:05 | Investigar | Double-Bit Axe |
| 16:09 | Investigar | Gold Mining |
| 16:42 | Investigar | Horse Collar |
| 16:46 | Crear | Villager (Male) |
| 16:46 | Crear | Villager (Male) |
| 17:25 | Construir | Palisade Wall |
| 17:31 | Edad | Edad de los Castillos |
| 18:09 | Crear | Villager (Male) |
| 18:09 | Crear | Villager (Male) |
| 18:12 | Investigar | Wheelbarrow |
| 18:34 | Construir | Palisade Wall |
| 18:48 | Construir | Town Center |
| 18:55 | Crear | Villager (Male) |
| 18:58 | Crear | Villager (Male) |
| 19:30 | Crear | Spearman |
| 19:30 | Crear | Spearman |
| 19:40 | Construir | Stable |
| 19:46 | Crear | Spearman |
| 20:07 | Crear | Spearman |
| 20:08 | Crear | Villager (Male) |
| 20:09 | Crear | Villager (Male) |
| 20:11 | Investigar | Hand Cart |
| 20:18 | Crear | Villager (Male) |
| 20:38 | Crear | Spearman |
| 20:47 | Investigar | Scale Barding Armor |
| 20:50 | Crear | Camel Scout |
| 20:50 | Crear | Camel Scout |
| 20:50 | Crear | Camel Scout |
| 20:51 | Crear | Knight |
| 20:51 | Crear | Knight |
| 20:51 | Crear | Knight |
| 20:56 | Crear | Camel Scout |
| 20:57 | Crear | Knight |
| 21:01 | Crear | Villager (Male) |
| 21:02 | Crear | Villager (Male) |
| 21:04 | Construir | Stable |
| 21:16 | Investigar | Forging |
| 21:18 | Crear | Villager (Male) |
| 21:22 | Crear | Villager (Male) |
| 21:22 | Crear | Villager (Male) |
| 21:22 | Crear | Villager (Male) |
| 21:24 | Crear | Villager (Male) |
| 21:53 | Crear | Villager (Male) |
| 21:54 | Crear | Villager (Male) |
| 22:06 | Crear | Camel Scout |
| 22:08 | Crear | Knight |
| 22:13 | Crear | Knight |
| 22:18 | Crear | Villager (Male) |
| 22:19 | Crear | Villager (Male) |
| 22:46 | Crear | Knight |
| 22:46 | Crear | Camel Scout |
| 23:09 | Crear | Camel Scout |
| 23:09 | Crear | Knight |
| 23:19 | Construir | Farm |
| 23:23 | Construir | Farm |
| 23:23 | Construir | Farm |
| 23:23 | Construir | Farm |
| 23:33 | Construir | Lumber Camp |
| 23:36 | Crear | Villager (Male) |
| 23:43 | Investigar | Iron Casting |
| 24:03 | Crear | Knight |
| 24:48 | Investigar | Husbandry |
| 25:01 | Crear | Knight |
| 25:01 | Crear | Camel Scout |
| 25:02 | Crear | Camel Scout |
| 25:02 | Crear | Knight |
| 25:03 | Crear | Camel Scout |
| 25:03 | Crear | Camel Scout |
| 25:32 | Construir | House |
| 25:33 | Construir | House |
| 25:33 | Construir | House |
| 25:33 | Construir | House |
Build order — Triceratops
Primeras 150 de 174 acciones detectadas
| 0:03 | Crear | Villager (Male) ×4 |
| 0:06 | Construir | House |
| 0:08 | Construir | House |
| 1:24 | Construir | Mill |
| 1:57 | Crear | Villager (Male) |
| 2:17 | Crear | Villager (Male) |
| 3:17 | Crear | Villager (Male) ×3 |
| 3:46 | Crear | Villager (Male) |
| 4:23 | Crear | Villager (Male) ×2 |
| 4:35 | Construir | House |
| 4:55 | Construir | Lumber Camp |
| 5:11 | Investigar | Loom |
| 5:33 | Crear | Villager (Male) ×5 |
| 6:34 | Construir | House |
| 6:41 | Construir | House |
| 7:48 | Construir | Mining Camp |
| 8:09 | Crear | Villager (Male) |
| 8:10 | Crear | Villager (Male) |
| 8:10 | Crear | Villager (Male) |
| 8:50 | Investigar | Feudal Age |
| 9:47 | Construir | Barracks |
| 9:51 | Construir | House |
| 10:17 | Construir | Farm |
| 10:39 | Crear | Villager (Male) |
| 10:48 | Crear | Militia |
| 11:07 | Crear | Militia |
| 11:09 | Edad | Edad Feudal |
| 11:22 | Construir | Blacksmith |
| 11:33 | Crear | Villager (Male) |
| 11:36 | Investigar | Man-at-Arms (upgrade) |
| 11:39 | Investigar | Arson |
| 11:40 | Crear | Militia |
| 11:42 | Crear | Militia |
| 12:06 | Investigar | Double-Bit Axe |
| 12:10 | Investigar | Horse Collar |
| 12:33 | Construir | House |
| 12:50 | Construir | Building 804 |
| 13:03 | Construir | Mill |
| 13:43 | Crear | Villager (Male) |
| 13:44 | Crear | Villager (Male) |
| 13:46 | Crear | Militia |
| 13:47 | Crear | Militia |
| 14:02 | Investigar | Scale Mail Armor |
| 14:23 | Construir | Barracks |
| 14:26 | Construir | Farm |
| 14:26 | Construir | Farm |
| 14:26 | Construir | Farm |
| 14:28 | Construir | Farm |
| 14:38 | Crear | Militia |
| 14:41 | Crear | Spearman |
| 15:07 | Investigar | Forging |
| 15:12 | Crear | Militia |
| 15:37 | Construir | Farm |
| 15:41 | Construir | Farm |
| 15:43 | Construir | Farm |
| 15:49 | Crear | Villager (Male) |
| 15:52 | Investigar | Town Watch |
| 16:15 | Crear | Spearman |
| 16:15 | Crear | Spearman |
| 16:45 | Construir | Lumber Camp |
| 18:10 | Construir | Farm |
| 18:10 | Construir | Farm |
| 18:10 | Construir | Farm |
| 18:17 | Construir | Farm |
| 18:17 | Construir | Farm |
| 18:17 | Construir | Farm |
| 20:48 | Construir | Stable |
| 20:51 | Construir | Stable |
| 21:38 | Investigar | Castle Age |
| 22:52 | Investigar | Bloodlines |
| 22:54 | Investigar | Scale Barding Armor |
| 22:57 | Crear | Camel Scout ×5 |
| 23:06 | Investigar | Gold Mining |
| 23:33 | Crear | Camel Scout |
| 23:33 | Crear | Camel Scout |
| 24:18 | Edad | Edad de los Castillos |
| 24:21 | Investigar | Husbandry |
| 24:23 | Crear | Camel Scout |
| 24:38 | Construir | Stable |
| 25:01 | Crear | Camel Scout |
| 25:36 | Construir | Town Center |
| 25:44 | Construir | Town Center |
| 25:54 | Construir | Mining Camp |
| 25:57 | Crear | Camel Scout |
| 25:57 | Crear | Camel Scout |
| 25:57 | Crear | Camel Scout |
| 26:44 | Crear | Camel Scout |
| 26:44 | Crear | Camel Scout |
| 26:44 | Crear | Camel Scout |
| 27:59 | Crear | Camel Scout ×3 |
| 28:11 | Crear | Villager (Male) ×5 |
| 28:15 | Crear | Villager (Male) ×5 |
| 28:51 | Crear | Camel Scout ×4 |
| 29:11 | Investigar | Iron Casting |
| 29:15 | Investigar | Chain Barding Armor |
| 29:54 | Crear | Camel Scout ×3 |
| 29:54 | Crear | Camel Scout ×3 |
| 29:54 | Crear | Camel Scout ×3 |
| 30:20 | Investigar | Gold Shaft Mining |
| 30:22 | Crear | Camel Scout |
| 30:22 | Crear | Camel Scout |
| 30:22 | Crear | Camel Scout |
| 30:49 | Crear | Camel Scout |
| 30:49 | Crear | Camel Scout |
| 30:49 | Crear | Camel Scout |
| 31:10 | Crear | Camel Scout |
| 31:10 | Crear | Camel Scout |
| 31:49 | Investigar | Fletching |
| 32:03 | Crear | Villager (Male) |
| 32:16 | Crear | Camel Scout |
| 32:35 | Construir | Outpost |
| 32:41 | Construir | Outpost |
| 32:42 | Construir | Outpost |
| 32:44 | Construir | Outpost |
| 32:45 | Construir | Outpost |
| 32:47 | Construir | Outpost |
| 32:49 | Construir | Outpost |
| 32:50 | Construir | Outpost |
| 32:52 | Construir | Outpost |
| 32:54 | Construir | Outpost |
| 32:55 | Construir | Outpost |
| 33:28 | Crear | Villager (Male) ×4 |
| 34:26 | Crear | Villager (Male) ×3 |
| 34:48 | Construir | House |
| 34:49 | Construir | House |
| 34:51 | Construir | House |
| 34:55 | Crear | Villager (Male) |
| 35:14 | Construir | Outpost |
| 35:21 | Construir | Outpost |
| 35:23 | Construir | Outpost |
| 35:25 | Construir | Outpost |
| 35:25 | Construir | Outpost |
| 35:27 | Construir | Outpost |
| 35:29 | Construir | Outpost |
| 35:31 | Construir | Outpost |
| 35:33 | Construir | Outpost |
| 35:35 | Construir | Outpost |
| 35:37 | Construir | Outpost |
| 35:38 | Construir | Outpost |
| 35:43 | Crear | Villager (Male) ×4 |
| 36:23 | Crear | Camel Scout |
| 36:23 | Crear | Camel Scout |
| 36:24 | Crear | Camel Scout |
| 36:24 | Crear | Camel Scout |
| 36:45 | Crear | Villager (Male) |
| 37:25 | Crear | Villager (Male) ×3 |
| 37:41 | Construir | Farm |
| 37:41 | Construir | Farm |
| 37:41 | Construir | Farm |
| 37:42 | Construir | Farm |
Build order — NEMESI2.0
Primeras 150 de 244 acciones detectadas
| 0:04 | Construir | House |
| 0:06 | Construir | House |
| 0:07 | Crear | Villager (Male) |
| 0:07 | Crear | Villager (Male) |
| 0:07 | Crear | Villager (Male) |
| 0:07 | Crear | Villager (Male) |
| 0:07 | Crear | Villager (Male) |
| 1:36 | Crear | Villager (Male) |
| 1:37 | Crear | Villager (Male) |
| 2:09 | Crear | Villager (Male) |
| 2:10 | Crear | Villager (Male) |
| 2:34 | Crear | Villager (Male) |
| 2:34 | Crear | Villager (Male) |
| 2:57 | Crear | Villager (Male) |
| 2:57 | Crear | Villager (Male) |
| 3:11 | Construir | House |
| 3:13 | Crear | Villager (Male) |
| 3:43 | Crear | Villager (Male) |
| 3:54 | Crear | Villager (Male) |
| 4:46 | Crear | Villager (Male) |
| 5:12 | Crear | Villager (Male) |
| 5:13 | Crear | Villager (Male) |
| 5:16 | Investigar | Loom |
| 5:17 | Crear | Villager (Male) |
| 5:21 | Investigar | Loom |
| 5:41 | Crear | Villager (Male) |
| 5:41 | Crear | Villager (Male) |
| 5:55 | Construir | House |
| 6:25 | Crear | Villager (Male) |
| 6:35 | Construir | Mill |
| 6:55 | Crear | Villager (Male) |
| 6:56 | Crear | Villager (Male) |
| 7:22 | Crear | Villager (Male) |
| 8:13 | Investigar | Feudal Age |
| 8:24 | Construir | Mule Cart |
| 8:28 | Construir | Barracks |
| 8:44 | Construir | House |
| 8:52 | Construir | Palisade Wall |
| 9:07 | Construir | Mill |
| 9:42 | Crear | Villager (Male) |
| 9:42 | Crear | Villager (Male) |
| 9:52 | Construir | Farm |
| 9:53 | Construir | Farm |
| 10:23 | Edad | Edad Feudal |
| 10:33 | Investigar | Double-Bit Axe |
| 11:01 | Construir | Stable |
| 11:10 | Crear | Villager (Male) |
| 11:33 | Crear | Spearman |
| 11:39 | Crear | Villager (Male) |
| 11:56 | Crear | Scout Cavalry |
| 11:56 | Crear | Scout Cavalry |
| 12:06 | Construir | Blacksmith |
| 12:07 | Crear | Villager (Male) |
| 12:08 | Crear | Villager (Male) |
| 12:25 | Construir | Palisade Wall |
| 12:30 | Construir | Palisade Gate |
| 12:34 | Crear | Villager (Male) |
| 12:39 | Construir | Farm |
| 12:45 | Crear | Scout Cavalry |
| 12:59 | Crear | Villager (Male) |
| 13:03 | Construir | Farm |
| 13:04 | Construir | Farm |
| 13:25 | Crear | Scout Cavalry |
| 13:31 | Construir | Palisade Wall |
| 13:32 | Construir | Palisade Wall |
| 13:35 | Construir | Palisade Wall |
| 13:41 | Crear | Villager (Male) |
| 13:44 | Construir | Farm |
| 13:52 | Construir | Mule Cart |
| 14:05 | Investigar | Bloodlines |
| 14:12 | Crear | Villager (Male) |
| 14:16 | Construir | Farm |
| 14:22 | Construir | Farm |
| 14:35 | Crear | Villager (Male) |
| 14:42 | Construir | Farm |
| 14:48 | Construir | House |
| 14:55 | Crear | Villager (Male) |
| 15:13 | Crear | Villager (Male) |
| 15:39 | Construir | Farm |
| 15:42 | Construir | Farm |
| 15:46 | Construir | Farm |
| 15:52 | Construir | Farm |
| 15:54 | Construir | Farm |
| 15:59 | Crear | Villager (Male) |
| 16:02 | Investigar | Wheelbarrow |
| 16:32 | Crear | Villager (Male) |
| 16:55 | Construir | Farm |
| 16:56 | Construir | Farm |
| 16:59 | Construir | Farm |
| 17:09 | Construir | Farm |
| 17:29 | Crear | Villager (Male) |
| 17:44 | Construir | Stable |
| 17:56 | Investigar | Castle Age |
| 18:16 | Investigar | Horse Collar |
| 18:36 | Investigar | Forging |
| 18:55 | Investigar | Scale Barding Armor |
| 19:33 | Construir | House |
| 19:34 | Construir | House |
| 20:25 | Construir | House |
| 20:36 | Edad | Edad de los Castillos |
| 20:40 | Crear | Knight |
| 20:40 | Crear | Knight |
| 21:00 | Construir | Mill |
| 21:17 | Crear | Knight |
| 21:17 | Crear | Knight |
| 21:22 | Crear | Villager (Male) |
| 21:23 | Construir | Farm |
| 21:35 | Crear | Knight |
| 21:50 | Crear | Knight |
| 21:50 | Crear | Knight |
| 22:04 | Crear | Villager (Male) |
| 22:05 | Crear | Villager (Male) |
| 22:15 | Crear | Knight |
| 22:22 | Crear | Villager (Male) |
| 22:37 | Crear | Knight |
| 22:37 | Crear | Knight |
| 22:48 | Investigar | Husbandry |
| 22:53 | Crear | Villager (Male) |
| 23:12 | Construir | Town Center |
| 23:23 | Crear | Knight |
| 23:23 | Crear | Knight |
| 23:25 | Crear | Villager (Male) |
| 24:12 | Crear | Knight |
| 24:24 | Crear | Villager (Male) |
| 24:24 | Crear | Villager (Male) |
| 24:33 | Crear | Knight |
| 24:33 | Crear | Knight |
| 24:45 | Crear | Villager (Male) |
| 24:54 | Crear | Villager (Male) |
| 25:08 | Crear | Knight |
| 25:24 | Crear | Knight |
| 25:25 | Crear | Villager (Male) |
| 25:28 | Construir | Town Center |
| 25:57 | Crear | Knight |
| 25:57 | Crear | Knight |
| 26:18 | Crear | Knight |
| 26:18 | Crear | Knight |
| 26:20 | Crear | Villager (Male) |
| 26:21 | Crear | Villager (Male) |
| 26:50 | Crear | Knight |
| 26:50 | Crear | Knight |
| 26:51 | Crear | Villager (Male) |
| 27:04 | Construir | Monastery |
| 27:14 | Crear | Knight |
| 27:15 | Crear | Knight |
| 27:25 | Crear | Villager (Male) |
| 27:42 | Crear | Villager (Male) |
| 27:42 | Crear | Villager (Male) |
| 27:54 | Construir | Farm |
| 27:55 | Construir | Farm |
Build order — ImpactMak50
Primeras 150 de 168 acciones detectadas
| 0:03 | Construir | House |
| 0:05 | Construir | House |
| 0:05 | Crear | Villager (Male) |
| 0:06 | Crear | Villager (Male) |
| 0:10 | Crear | Villager (Male) |
| 0:11 | Crear | Villager (Male) |
| 1:37 | Crear | Villager (Male) |
| 1:37 | Crear | Villager (Male) |
| 1:48 | Crear | Villager (Male) |
| 1:48 | Crear | Villager (Male) |
| 2:57 | Crear | Villager (Male) |
| 2:57 | Crear | Villager (Male) |
| 2:57 | Crear | Villager (Male) |
| 3:52 | Crear | Villager (Male) |
| 3:52 | Crear | Villager (Male) |
| 4:03 | Construir | House |
| 4:05 | Construir | House |
| 4:13 | Construir | Lumber Camp |
| 4:18 | Crear | Villager (Male) |
| 4:18 | Crear | Villager (Male) |
| 4:45 | Crear | Villager (Male) |
| 6:25 | Crear | Villager (Male) |
| 6:26 | Crear | Villager (Male) |
| 6:35 | Crear | Villager (Male) |
| 7:00 | Crear | Villager (Male) |
| 7:34 | Construir | Mill |
| 8:12 | Crear | Villager (Male) |
| 8:15 | Crear | Villager (Male) |
| 9:01 | Construir | Barracks |
| 9:10 | Investigar | Loom |
| 9:49 | Investigar | Feudal Age |
| 9:55 | Construir | Mining Camp |
| 10:06 | Construir | House |
| 10:10 | Construir | House |
| 10:13 | Construir | House |
| 11:06 | Crear | Villager (Male) |
| 11:06 | Crear | Villager (Male) |
| 11:07 | Crear | Villager (Male) |
| 12:07 | Construir | Stone Wall |
| 12:27 | Construir | Stone Wall |
| 12:29 | Crear | Villager (Male) |
| 12:30 | Crear | Villager (Male) |
| 13:08 | Construir | Stone Wall |
| 13:19 | Investigar | Double-Bit Axe |
| 13:27 | Construir | Farm |
| 13:28 | Construir | Farm |
| 13:29 | Construir | Farm |
| 13:31 | Construir | Farm |
| 13:35 | Construir | Farm |
| 13:39 | Crear | Villager (Male) |
| 14:26 | Construir | Farm |
| 14:26 | Construir | Farm |
| 14:31 | Construir | Farm |
| 14:38 | Construir | Farm |
| 14:41 | Crear | Villager (Male) |
| 14:42 | Crear | Villager (Male) |
| 14:46 | Construir | Farm |
| 15:25 | Construir | Farm |
| 15:25 | Construir | Farm |
| 15:38 | Construir | Building 673 |
| 16:05 | Construir | Stone Wall |
| 16:13 | Crear | Villager (Male) |
| 16:24 | Construir | Blacksmith |
| 16:46 | Construir | Market |
| 16:54 | Crear | Villager (Male) |
| 17:04 | Construir | Mining Camp |
| 17:30 | Construir | Lumber Camp |
| 18:11 | Investigar | Castle Age |
| 18:35 | Investigar | Fletching |
| 19:02 | Investigar | Stone Mining |
| 19:13 | Construir | Barracks |
| 20:19 | Investigar | Man-at-Arms (upgrade) |
| 20:35 | Crear | Militia |
| 20:35 | Crear | Militia |
| 20:39 | Construir | House |
| 20:58 | Construir | Stable |
| 21:26 | Construir | House |
| 21:27 | Construir | House |
| 21:55 | Crear | Knight |
| 22:32 | Construir | Farm |
| 22:57 | Crear | Knight |
| 23:34 | Investigar | Forging |
| 23:36 | Investigar | Scale Mail Armor |
| 24:09 | Construir | Mining Camp |
| 24:10 | Crear | Villager (Male) |
| 24:10 | Crear | Villager (Male) |
| 24:24 | Crear | Militia |
| 24:24 | Crear | Militia |
| 24:55 | Crear | Villager (Male) |
| 25:04 | Construir | Barracks |
| 26:25 | Construir | Castle |
| 26:36 | Investigar | Long Swordsman (upgrade) |
| 26:39 | Crear | Villager (Male) |
| 26:39 | Crear | Villager (Male) |
| 26:39 | Crear | Villager (Male) |
| 27:06 | Crear | Villager (Male) |
| 27:06 | Crear | Villager (Male) |
| 27:39 | Crear | Knight |
| 27:49 | Construir | Mill |
| 28:34 | Crear | Villager (Male) |
| 28:34 | Crear | Villager (Male) |
| 28:35 | Crear | Villager (Male) |
| 28:38 | Construir | Farm |
| 28:39 | Construir | Farm |
| 28:39 | Construir | Farm |
| 28:40 | Construir | Farm |
| 28:41 | Construir | Farm |
| 28:41 | Construir | Farm |
| 28:42 | Construir | Farm |
| 28:43 | Construir | Farm |
| 28:49 | Crear | Villager (Male) |
| 28:49 | Crear | Villager (Male) |
| 28:58 | Construir | Stable |
| 29:06 | Crear | Knight |
| 29:59 | Crear | Knight |
| 30:00 | Crear | Knight |
| 30:10 | Construir | Stable |
| 30:15 | Crear | Villager (Male) |
| 30:15 | Crear | Villager (Male) |
| 30:31 | Investigar | Gold Mining |
| 30:37 | Crear | Villager (Male) |
| 31:01 | Crear | Knight |
| 31:01 | Crear | Knight |
| 31:14 | Crear | Villager (Male) |
| 31:14 | Crear | Villager (Male) |
| 31:15 | Crear | Villager (Male) |
| 31:30 | Construir | Farm |
| 32:00 | Crear | Knight |
| 32:06 | Crear | Villager (Male) |
| 32:06 | Crear | Villager (Male) |
| 32:35 | Construir | Stone Wall |
| 33:35 | Construir | Town Center |
| 33:50 | Crear | Villager (Male) |
| 33:50 | Crear | Villager (Male) |
| 35:09 | Crear | Villager (Male) |
| 35:09 | Crear | Villager (Male) |
| 35:09 | Crear | Villager (Male) |
| 35:10 | Crear | Villager (Male) |
| 36:18 | Investigar | Imperial Age |
| 36:31 | Crear | Villager (Male) |
| 36:31 | Crear | Villager (Male) |
| 36:39 | Construir | House |
| 36:41 | Construir | House |
| 36:42 | Construir | House |
| 36:43 | Construir | House |
| 37:12 | Investigar | Husbandry |
| 37:31 | Investigar | Iron Casting |
| 37:32 | Investigar | Chain Mail Armor |
| 37:58 | Construir | Stable |
| 38:07 | Construir | Stable |
Cronología de la partida
| 6:21 | Zar · wall_segment Palisade Wall x1 |
| 6:41 | THE_LORD · wall_segment Palisade Wall x1 |
| 8:28 | NEMESI2.0 · first_building Barracks |
| 8:52 | NEMESI2.0 · wall_segment Palisade Wall x3 |
| 9:01 | ImpactMak50 · first_building Barracks |
| 9:26 | 12121212 · first_building Barracks |
| 9:32 | 12121212 · wall_segment Palisade Wall x9 |
| 9:34 | dannyicecold69 · wall_segment Palisade Wall x15 |
| 9:47 | Triceratops · first_building Barracks |
| 9:49 | THE_LORD · first_building Barracks |
| 9:58 | ZILIOT · age_up feudal |
| 10:06 | THE_LORD · wall_segment Palisade Wall x16 |
| 10:23 | NEMESI2.0 · age_up feudal |
| 10:51 | dannyicecold69 · first_building Barracks |
| 11:01 | NEMESI2.0 · first_building Stable |
| 11:09 | Triceratops · age_up feudal |
| 11:20 | 12121212 · wall_segment Palisade Wall x6 |
| 11:26 | dannyicecold69 · age_up feudal |
| 11:33 | 12121212 · wall_segment Palisade Wall x5 |
| 11:39 | THE_LORD · age_up feudal |
| 11:46 | 12121212 · wall_segment Palisade Wall x4 |
| 12:07 | ImpactMak50 · wall_segment Stone Wall x3 |
| 12:08 | 12121212 · age_up feudal |
| 12:10 | 12121212 · wall_segment Palisade Wall x6 |
| 12:13 | 12121212 · wall_segment Palisade Wall x3 |
| 12:25 | NEMESI2.0 · wall_segment Palisade Wall x5 |
| 12:27 | dannyicecold69 · wall_segment Palisade Wall x8 |
| 12:27 | ImpactMak50 · wall_segment Stone Wall x19 |
| 12:44 | Zar · age_up feudal |
| 13:04 | dannyicecold69 · first_building Stable |
| 13:08 | ImpactMak50 · wall_segment Stone Wall x5 |
| 13:30 | Zar · wall_segment Palisade Wall x1 |
| 13:31 | NEMESI2.0 · wall_segment Palisade Wall x7 |
| 13:32 | NEMESI2.0 · wall_segment Palisade Wall x6 |
| 13:35 | dannyicecold69 · wall_segment Palisade Wall x11 |
| 13:35 | NEMESI2.0 · wall_segment Palisade Wall x6 |
| 13:41 | THE_LORD · first_building Archery Range |
| 13:57 | ZILIOT · wall_segment Stone Wall x16 |
| 14:00 | ZILIOT · wall_segment Stone Wall x11 |
| 14:02 | ZILIOT · wall_segment Stone Wall x3 |
| 14:45 | Zar · wall_segment Palisade Wall x1 |
| 14:46 | Zar · wall_segment Palisade Wall x1 |
| 14:48 | Zar · wall_segment Palisade Wall x2 |
| 14:56 | 12121212 · wall_segment Palisade Wall x3 |
| 14:59 | 12121212 · wall_segment Palisade Wall x4 |
| 15:15 | ZILIOT · wall_segment Stone Wall x15 |
| 15:18 | ZILIOT · wall_segment Stone Wall x1 |
| 15:19 | dannyicecold69 · wall_segment Palisade Wall x1 |
| 15:27 | dannyicecold69 · wall_segment Palisade Wall x9 |
| 15:36 | Zar · first_building Barracks |
| 15:45 | Zar · wall_segment Palisade Wall x4 |
| 15:51 | 12121212 · wall_segment Palisade Wall x2 |
| 15:52 | 12121212 · wall_segment Palisade Wall x4 |
| 16:05 | ImpactMak50 · wall_segment Stone Wall x10 |
| 16:26 | THE_LORD · wall_segment Palisade Wall x17 |
| 16:51 | ZILIOT · age_up castle |
| 17:25 | Zar · wall_segment Palisade Wall x2 |
| 17:31 | Zar · age_up castle |
| 17:58 | ZILIOT · wall_segment Stone Wall x8 |
| 18:03 | dannyicecold69 · wall_segment Palisade Wall x1 |
| 18:34 | Zar · wall_segment Palisade Wall x1 |
| 19:03 | ZILIOT · wall_segment Stone Wall x1 |
| 19:07 | ZILIOT · wall_segment Stone Wall x10 |
| 19:39 | 12121212 · first_building Stable |
| 19:40 | Zar · first_building Stable |
| 19:41 | ZILIOT · first_building Castle |
| 20:31 | ImpactMak50 · first_market_sell 100 wood |
| 20:36 | NEMESI2.0 · age_up castle |
| 20:38 | THE_LORD · wall_segment Stone Wall x19 |
| 20:48 | Triceratops · first_building Stable |
| 20:58 | ImpactMak50 · first_building Stable |
| 22:50 | THE_LORD · age_up castle |
| 22:54 | THE_LORD · first_building Siege Workshop |
| 23:07 | 12121212 · age_up castle |
| 23:11 | 12121212 · first_building Castle |
| 23:34 | ZILIOT · first_building Barracks |
| 24:18 | Triceratops · age_up castle |
| 24:45 | ZILIOT · first_building Stable |
| 25:16 | dannyicecold69 · age_up castle |
| 25:56 | 12121212 · wall_segment Palisade Wall x3 |
| 26:25 | ImpactMak50 · first_building Castle |
| 27:04 | NEMESI2.0 · first_building Monastery |
| 27:56 | Zar · first_building Siege Workshop |
| 29:24 | THE_LORD · wall_segment Stone Wall x10 |
| 30:10 | THE_LORD · wall_segment Palisade Wall x1 |
| 30:13 | THE_LORD · wall_segment Palisade Wall x1 |
| 30:16 | THE_LORD · wall_segment Palisade Wall x1 |
| 30:32 | Zar · first_market_buy 100 food |
| 30:38 | 12121212 · first_market_sell 100 wood |
| 30:40 | 12121212 · first_market_buy 100 stone |
| 31:40 | Zar · first_building Monastery |
| 31:49 | ZILIOT · age_up imperial |
| 31:51 | dannyicecold69 · wall_segment Palisade Wall x4 |
| 32:35 | ImpactMak50 · wall_segment Stone Wall x12 |
| 32:51 | NEMESI2.0 · first_building Castle |
| 33:19 | THE_LORD · wall_segment Stone Wall x18 |
| 33:27 | ImpactMak50 · first_market_buy 100 stone |
| 33:41 | Zar · first_building Archery Range |
| 33:55 | Zar · wall_segment Stone Wall x7 |
| 34:24 | NEMESI2.0 · wall_segment Stone Wall x13 |
| 34:27 | Zar · age_up imperial |
| 37:16 | NEMESI2.0 · age_up imperial |
| 37:44 | ZILIOT · first_building Monastery |
| 38:01 | Triceratops · wall_segment Stone Wall x1 |
| 38:03 | Triceratops · wall_segment Stone Wall x1 |
| 38:09 | Triceratops · wall_segment Stone Wall x10 |
| 38:14 | ImpactMak50 · first_building Siege Workshop |
| 38:16 | Triceratops · wall_segment Stone Wall x12 |
| 38:24 | Triceratops · wall_segment Stone Wall x22 |
| 38:30 | THE_LORD · first_building Castle |
| 38:35 | Triceratops · wall_segment Stone Wall x20 |
| 38:39 | Triceratops · wall_segment Stone Wall x6 |
| 38:42 | Triceratops · wall_segment Stone Wall x4 |
| 38:49 | Triceratops · wall_segment Stone Wall x14 |
| 41:07 | THE_LORD · first_building Monastery |
| 41:19 | THE_LORD · first_market_sell 100 food |
| 41:37 | Triceratops · wall_segment Stone Wall x1 |
| 41:40 | Triceratops · wall_segment Stone Wall x5 |
| 41:55 | dannyicecold69 · resign |
[ ANÁLISIS IA · 1 CRÉDITO ]
¿Qué pasó realmente en esta partida?
Wolo.gg analiza cada decisión: build order, eco, micro, errores típicos por bracket. Análisis personalizado por WhatsApp o Discord en 30 segundos.
Guía civ
Godos
Guía mapa
Arabia
Perfil
12121212